AoeStats
← Legend

Arena

510848006Analyzed
4v4 RM · 13h ago on Oct 2, 2026· 73m 13s· 8 players
Game mode
Random Map
Map size
Large (8 player)
Population
200
Speed
Normal
Resources
Standard
Victory
Conquest
Starting age
Dark Age
Ending age
Imperial Age
RankedLock teamsTeams togetherTeam positionsShared explorationLock speedFull tech treeHidden civsTurbo modeCheats
Victory
Defeat
🇬🇧 Huns · United Kingdom
879
+9
🇪🇬 Turks · Egypt
714
+15
🇵🇹 Persians · Portugal
712
+15
🇬🇧 Byzantines · United Kingdom
641
+18
🇲🇽 Saracens · Mexico
785
-17
🇲🇽 Turks · Mexico
714
-15
🇨🇦 Byzantines · Canada
670
-13
🇺🇸 Malay · United States
645
-12
Legless Sheep
10:12 Feudal Age
17:54 Castle Age
15:54 Stone Mining
16:37 Double-Bit Axe
16:50 Horse Collar
17:23 Gold Mining
19:25 Heavy Plow
20:47 Bow Saw
24:01 Gold Shaft Mining
27:57 Wheelbarrow
30:47 Imperial Age
28:52 Murder Holes
29:43 Masonry
29:40 Fletching
29:44 Loom
30:16 Marauders
32:25 Forging
33:41 Elite Tarkan
34:31 Scale Barding Armor
34:57 Hand Cart
36:05 Town Watch
37:10 Conscription
37:32 Iron Casting
37:47 Bloodlines
37:38 Husbandry
38:17 Town Patrol
44:33 Two-Man Saw
44:37 Atheism
45:29 Blast Furnace
44:50 Chain Barding Armor
44:25 Bodkin Arrow
47:04 Padded Archer Armor
47:39 Ballistics
48:19 Chemistry
47:12 Elite Skirmisher
51:01 Thumb Ring
51:22 Parthian Tactics
56:05 Bracer
56:40 Plate Barding Armor
58:58 Leather Archer Armor
59:20 Heavy Cavalry Archer
64:37 Sappers
65:18 Scale Mail Armor
yenepu
0:28 Loom
11:56 Feudal Age
13:02 Double-Bit Axe
13:00 Horse Collar
21:41 Castle Age
19:36 Stone Mining
19:50 Gold Mining
21:10 Wheelbarrow
23:10 Caravan
24:26 Fervor
25:14 Gold Shaft Mining
25:16 Stone Shaft Mining
31:28 Imperial Age
30:08 Bow Saw
30:03 Heavy Plow
30:59 Hand Cart
31:41 Husbandry
32:14 Conscription
32:08 Citadels
32:02 Cavalier
33:24 Bloodlines
33:54 Scale Barding Armor
34:00 Forging
34:47 Heavy Camel Rider
36:45 Chemistry
36:58 Crop Rotation
36:47 Elite Skirmisher
39:05 Two-Man Saw
39:59 Chain Barding Armor
40:15 Iron Casting
40:01 Savar
42:29 Ballistics
43:14 Plate Barding Armor
45:50 Blast Furnace
47:52 Squires
48:36 Scale Mail Armor
48:36 Padded Archer Armor
48:39 Pikeman
49:05 Arson
51:45 Halberdier
56:41 Light Cavalry
58:52 Onager
60:47 Hussar
68:13 Chain Mail Armor
RuleBritannia16
0:54 Loom
10:37 Feudal Age
13:28 Wheelbarrow
13:09 Double-Bit Axe
15:24 Horse Collar
20:35 Gold Mining
27:36 Castle Age
27:11 Scale Barding Armor
27:16 Forging
27:07 Scale Mail Armor
29:00 Gold Shaft Mining
28:15 Stone Mining
28:18 Pikeman
29:00 Squires
31:48 Stone Shaft Mining
33:20 Hand Cart
34:38 Heavy Plow
37:35 Husbandry
43:32 Chain Barding Armor
43:27 Chain Mail Armor
43:49 Iron Casting
43:22 Caravan
44:22 Murder Holes
44:38 Fortified Wall
44:08 Treadmill Crane
46:07 Elite Skirmisher
46:53 Thumb Ring
49:24 Ballistics
56:41 Padded Archer Armor
56:32 Fletching
61:18 Imperial Age
59:31 Leather Archer Armor
59:57 Bodkin Arrow
64:29 Halberdier
65:53 Plate Barding Armor
65:48 Plate Mail Armor
65:49 Ring Archer Armor
65:55 Crop Rotation
65:39 Bow Saw
67:43 Conscription
68:31 Chemistry
70:18 Elite Cataphract
71:34 Hoardings
Legend
12:12 Feudal Age
20:47 Castle Age
19:49 Gold Mining
19:45 Horse Collar
26:09 Imperial Age
23:30 Double-Bit Axe
24:17 Fervor
26:15 Fletching
26:26 Padded Archer Armor
29:47 Wheelbarrow
28:57 Town Watch
28:58 Loom
30:10 Capped Ram
31:11 Bodkin Arrow
34:19 Leather Archer Armor
34:25 Heavy Plow
36:47 Forging
36:37 Scale Mail Armor
36:38 Bracer
38:54 Artillery
39:55 Ballistics
41:16 Gold Shaft Mining
40:33 Stone Mining
43:39 Treadmill Crane
43:53 Siege Ram
45:08 Ring Archer Armor
46:18 Fortified Wall
46:19 Masonry
46:30 Bombard Tower
49:37 Hand Cart
49:22 Town Patrol
50:15 Iron Casting
49:56 Chain Mail Armor
51:03 Architecture
50:20 Arrowslits
50:32 Murder Holes
59:47 Blast Furnace
58:53 Scale Barding Armor
60:09 Husbandry
60:19 Bloodlines
NC Buss
0:30 Loom
11:27 Feudal Age
11:46 Double-Bit Axe
11:44 Horse Collar
20:47 Castle Age
19:11 Stone Mining
19:12 Gold Mining
21:42 Bow Saw
32:03 Imperial Age
30:49 Capped Ram
32:20 Wheelbarrow
31:33 Town Watch
32:30 Masonry
35:43 Pikeman
37:07 Forging
36:23 Halberdier
38:24 Iron Casting
37:55 Scale Barding Armor
38:18 Arson
38:34 Squires
40:23 Blast Furnace
40:40 Conscription
44:01 Chemistry
43:22 Ballistics
47:01 Elite Battle Elephant
DAZACO
10:20 Feudal Age
11:41 Gold Mining
11:39 Double-Bit Axe
12:08 Horse Collar
19:51 Castle Age
20:23 Elite Skirmisher
21:00 Fletching
21:47 Crossbowman
29:40 Caravan
30:39 Bow Saw
30:31 Heavy Plow
33:42 Greek Fire
36:18 Imperial Age
34:58 Fortified Wall
filiusgaya
2:40 Loom
12:07 Feudal Age
13:46 Horse Collar
15:34 Double-Bit Axe
21:45 Gold Mining
21:46 Stone Mining
25:03 Castle Age
24:17 Town Watch
25:51 Heavy Plow
26:04 Bow Saw
26:52 Town Patrol
27:29 Wheelbarrow
28:43 Gold Shaft Mining
29:46 Hand Cart
32:30 Husbandry
32:41 Bloodlines
34:38 Sipahi
34:11 Arson
34:27 Squires
33:47 Man-at-Arms
39:26 Imperial Age
39:06 Scale Barding Armor
39:02 Scale Mail Armor
39:13 Forging
38:53 Fletching
39:03 Padded Archer Armor
41:10 Two-Man Saw
42:59 Artillery
43:55 Coinage
42:59 Capped Ram
44:15 Caravan
45:40 Bombard Tower
45:31 Fortified Wall
45:02 Treadmill Crane
45:08 Arrowslits
45:43 Ballistics
45:40 Chain Mail Armor
46:25 Banking
46:45 Conscription
46:38 Heavy Camel Rider
48:51 Guilds
49:10 Guard Tower
49:11 Heated Shot
49:16 Murder Holes
49:32 Masonry
49:59 Iron Casting
49:55 Plate Mail Armor
49:25 Siege Ram
50:54 Cavalier
53:15 Thumb Ring
53:35 Parthian Tactics
52:31 Crossbowman
52:50 Heavy Scorpion
59:14 Long Swordsman
62:21 Blast Furnace
61:17 Bodkin Arrow
61:37 Leather Archer Armor
61:43 Chain Barding Armor
66:36 Two-Handed Swordsman
68:16 Champion
Lord Drache
1:57 Loom
13:34 Feudal Age
15:55 Double-Bit Axe
15:52 Horse Collar
16:14 Gold Mining
16:18 Stone Mining
22:18 Castle Age
21:11 Bloodlines
23:51 Heavy Plow
24:05 Bow Saw
24:32 Gold Shaft Mining
23:38 Elite Skirmisher
25:44 Husbandry
28:29 Forging
28:25 Scale Barding Armor
29:20 Murder Holes
29:46 Ballistics
31:31 Iron Casting
30:47 Fletching
32:45 Wheelbarrow
36:28 Imperial Age
34:14 Hand Cart
33:45 Town Watch
34:28 Masonry
34:21 Padded Archer Armor
34:58 Chain Barding Armor
35:10 Bodkin Arrow
35:31 Leather Archer Armor
35:53 Town Patrol
37:01 Fortified Wall
36:47 Heavy Camel Rider
38:46 Chemistry
38:49 Blast Furnace
38:46 Conscription
38:03 Elite Mameluke
39:58 Plate Barding Armor
39:24 Bracer
39:54 Ring Archer Armor
41:59 Counterweights
51:19 Hoardings
Connection lost

Rejoining the realm…

Still unreachable

The connection could not be restored.

Session expired

The server has moved on; the page needs a fresh start.